 Dungeon Crawl Stone Soup version 0.30-a0-777-ga9a30cbeda (console) character file.

Game seed: 9227950573813119633

137 rlgrobin the Insei (level 5, -2/41 HPs)
             Began as a Mummy Monk on Feb 14, 2023.
             Slain by a jelly (3 damage)
             ... on level 5 of the Dungeon.
             The game lasted 00:09:39 (3881 turns).

rlgrobin the Insei (Mummy Monk)                     Turns: 3881, Time: 00:09:39

Health: -2/41      AC: -6    Str: 15    XL:     5   Next: 0%
Magic:  5/5        EV: 12    Int:  9    God:
Gold:   183        SH:  0    Dex: 16    Spells: 4/4 levels left

rFire   x . .      SeeInvis +      - Unarmed
rCold   + . .      Faith    +    (no shield)
rNeg    + + +      Spirit   .    (no body armour)
rPois   ∞          Reflect  .    (no helmet)
rElec   .          Harm     .    (no cloak)
rCorr   .          Rampage  .    h - +1 pair of gloves
Will    .....                    (no boots)
Stlth   ++                       (no amulet)
HPRegen 0.26/turn                j - ring of see invisible
MPRegen 0.09/turn                (no ring)

@: corroded
A: cold resistance 1, negative energy resistance 3, torment resistance 2, heat
vulnerability 1, in touch with death 1, no potions, faith
a: no special abilities


You were on level 5 of the Dungeon.
You visited 1 branch of the dungeon, and saw 5 of its levels.

You collected 183 gold pieces.

Inventory:

Armour
 h - a +1 pair of gloves (worn)
Jewellery
 e - a ring of ice
 j - a ring of see invisible (left hand)
Scrolls
 a - a scroll of teleportation
 b - 2 scrolls of poison {unknown}
 c - a scroll of torment {unknown}
 d - a scroll of fog {unknown}
 g - 3 scrolls of vulnerability {unknown}
 i - a scroll of butterflies


   Skills:
 - Level 3.0 Fighting
 - Level 2.4 Dodging
 - Level 1.5 Stealth
 + Level 4.7 Unarmed Combat


You had 4 spell levels left.
You didn't know any spells.
Your spell library was empty.

Dungeon Overview and Level Annotations

Branches:
Dungeon (5/15)
 Temple: D:4-7

Altars:

Annotations:
D:2 exclusion: worm, Terence
D:5 Pikel


Innate Abilities, Weirdness & Mutations

You are immune to poison.
Your flesh is cold resistant. (rC+)
You are immune to negative energy. (rN+++)
You are immune to unholy pain and torment.
You are vulnerable to heat. (rF-)
You are in touch with the powers of death.
You do not drink.
You have a special connection with the divine. (Faith)


Message History

There is a stone staircase leading up here.
The adder closely misses you.
You hit the adder.
The adder is lightly wounded.
The adder bites you.
You punch the adder!
The adder is severely wounded.
The adder closely misses you. The adder misses you.
You climb upwards.
The orc shouts!
The orc barely misses you.
The orc priest casts a cantrip, but nothing happens.
The orc closely misses you.
There is a stone staircase leading down here.
You hit the adder but do no damage.
The adder is severely wounded.
The adder bites you. The orc hits you with a +0 short sword.
The adder misses you. The adder barely misses you.
The orc hits you with a +0 short sword. The orc priest hits you with a +0 whip.
You climb downwards.
Level annotation: Pikel The jelly barely misses you.
The jelly jiggles.
The jelly hits you. The acid corrodes you!
You are splashed with acid!
There is a stone staircase leading up here.
You hit the jelly. The acid corrodes you!
Your hands burn!
The jelly is moderately wounded.
The jelly barely misses you.
You barely miss the jelly.
The jelly is moderately wounded.
The orc misses you. The jelly hits you. The acid corrodes you!
You are splashed with acid!
* * * LOW HITPOINT WARNING * * *
You hit the jelly but do no damage.
Your hands burn!
* * * LOW HITPOINT WARNING * * *
The jelly is moderately wounded.
The orc barely misses you. The jelly hits you.
You die...

#.P~~~♣###.# .##
#.......##.# K. ##
##..######.# .# ..
##.######.#####.#
#.##...........<.K#
#.....#####.#######
####.## #.# #J# #.#
#@# #.#
.#####o######.#
#.....So.......#
........########
#..###### ..


You could see a jelly, an orc priest, an adder and an orc.

Vanquished Creatures
  4 adders
  4 dart slugs
  13 orcs
  5 bats
  6 endoplasms
  2 giant cockroaches
  7 goblins
  10 hobgoblins
  2 jackals (D:3)
  2 kobolds
  2 quokkas (D:1)
  7 ball pythons
  A frilled lizard (D:1)
  8 rats
73 creatures vanquished.

Vanquished Creatures (others)
  15 fungi (D:5)
15 creatures vanquished.

Grand Total: 88 creatures vanquished

Notes
Turn   | Place    | Note
-------+----------+-------------------------------------------
     0 | D:1      | rlgrobin the Mummy Monk began the quest for the Orb.
     0 | D:1      | Reached XP level 1. HP: 18/18 MP: 1/1
   126 | D:1      | Found a faded altar of an unknown god.
   172 | D:1      | Reached XP level 2. HP: 24/24 MP: 2/2
   195 | D:1      | Reached skill level 3 in Unarmed Combat
   592 | D:1      | Gained mutation: You are in touch with the powers of death.
                  | [Mummy growth]
   592 | D:1      | Reached XP level 3. HP: 18/29 MP: 3/3
  1435 | D:2      | Reached skill level 4 in Unarmed Combat
  1473 | D:2      | Noticed Terence
  1732 | D:2      | Reached XP level 4. HP: 35/35 MP: 4/4
  3497 | D:5      | Entered Level 5 of the Dungeon
  3498 | D:5      | Noticed Pikel
  3498 | D:5      | Noticed a lemure
  3498 | D:5      | Noticed a lemure
  3498 | D:5      | Noticed a lemure
  3498 | D:5      | Noticed a lemure
  3509 | D:4      | Noticed a two-headed ogre
  3856 | D:5      | Reached XP level 5. HP: 41/41 MP: 5/5
  3881 | D:5      | HP: 1/41 [acid (3)]
  3881 | D:5      | Slain by a jelly

Illustrated notes

Levels and vault maps discovered:
D:1:      scummos_arrival_checkerplants, layout_loops_cross,
          ebering_ecumenical_altar_webs
D:2:      layout_basic, grunt_decor_arrowhead, uniq_terence
D:3:      layout_basic, hex_medium
D:4:      layout_cave_pods
D:5:      minmay_evil_eye, layout_loops_ring,
          minmay_temple_entry_statues_fountains, serial_aquarium,
          aquarium_bridge_square [aquarium_subvault_bridge,
          aquarium_subvault_window, aquarium_subvault_bridge,
          aquarium_subvault_wall], aquarium_window_3, aquarium_window_1,
          aquarium_window_fake, aquarium_window_2, aquarium_view_2b,
          aquarium_view_2a, aquarium_balcony_double_4, aquarium_pool_double,
          serial_bayou_pond_b, minmay_between, uniq_pikel

Skill      XL: |  1  2  3 |
---------------+----------+-----
Unarmed Combat | 3 4 |  4.7
Fighting       | |  3.0
Dodging        | |  2.4
Stealth        | |  1.5

Action                     |  1- 3 |  4- 6 || total
---------------------------+-------+-------++-------
  Melee: Unarmed           |   147 |   130 ||   277
         Punch             |     3 |       ||     3
    Use: Scroll            |       |     9 ||     9
   Stab: Sleeping          |     4 |     1 ||     5
 Armour: Skin              |       |    16 ||    16
  Dodge: Dodged            |    81 |    69 ||   150

Table legend: (Time is in decaauts)
 A = Elapsed time spent in this place.
 B = Non-inter-level travel time spent in this place.
 C = Inter-level travel time spent in this place.
 D = Time resting spent in this place.
 E = Time spent auto-exploring this place.
 F = Levels seen in this place.
 G = Mean time per level.
                   A        B        C        D        E       F      G
               +--------+--------+--------+--------+--------+-----+--------+
         Total |   3863 |   3733 |    130 |    691 |   1954 |   5 |  772.6 |
       Dungeon |   3863 |   3733 |    130 |    691 |   1954 |   5 |  772.6 |
               +--------+--------+--------+--------+--------+-----+--------+

Top non-repeatable levels by time:
     D:3: 1460 daAuts
     D:1: 1022 daAuts
     D:2: 824 daAuts
     D:4: 508 daAuts
     D:5: 47 daAuts
